Map: Beckett Industries LE

Players

TeebuL - Winner!

  • Race: Protoss Protoss

Seither

  • Race: Terran Terran

Event: DreamHack SC2 Masters 2021 Winter

VOD

Have the link to the VOD?

Description

Time

  • Played on: Oct. 3, 2021, 6:07 a.m.
  • Length: 9:22

All games in this series

Show
View Real Time Build Order
Export as new Build Order

TeebuL Protoss - Winner!

Build Orders: Oracle Opening, Blink Stalkers 

Get SALT Encoding   

  12  0:00  Probe  
  13  0:12  Probe  
  14  0:18  Pylon  
  14  0:24  Probe (Chrono Boost)  
  15  0:38  Probe (Chrono Boost)  
  15  0:39  Gateway  
  16  0:43  Probe (Chrono Boost)  
  17  0:51  Assimilator  
  17  0:53  Probe  
  18  1:05  Assimilator, Probe  
  19  1:17  Probe  
  20  1:25  Cybernetics Core  
  20  1:33  Probe  
  20  1:38  Pylon  
  23  1:48  Assimilator  
  23  1:49  Probe  
  23  2:01  Adept (Chrono Boost), Probe  
  21  2:02  Stargate  
  21  2:07  Warp Gate  
  24  2:13  Probe  
  25  2:21  Pylon  
  25  2:25  Probe  
  26  2:44  Oracle (Chrono Boost)  
  29  3:03  Probe  
  30  3:07  Nexus  
  30  3:13  Twilight Council  
  30  3:21  Gateway  
  30  3:22  Probe  
  31  3:34  Probe  
  32  3:41  Blink (Chrono Boost)  
  32  3:44  Gateway  
  32  3:46  Probe  
  33  3:58  Probe  
  33  3:59  Stalker  
  36  4:11  Probe  
  36  4:12  Shield Battery  
  37  4:17  Stalker  
  37  4:19  Probe  
  40  4:25  Probe  
  39  4:33  Stalker  
  39  4:34  Probe  
  39  4:37  Probe  
  43  4:40  Stalker  
  43  4:45  Stalker  
  47  4:46  Probe  
  47  4:49  Probe  
  49  4:58  Stalker, Probe, Pylon  
  52  5:06  Probe  
  53  5:08  Dark Shrine  
  53  5:13  Probe  
  54  5:15  Pylon  
  54  5:18  Stalker  
  54  5:20  Probe  
  53  5:26  Probe  
  54  5:32  Stalker, Probe  
  57  5:38  Probe  
  58  5:44  Probe  
  59  5:56  Nexus  
  59  5:59  Probe x2, Pylon  
  59  6:03  Assimilator, Charge (Chrono Boost)  
  61  6:11  Probe  
  62  6:12  Probe, Shadow Stride (Chrono Boost)  
  57  6:23  Probe  
  57  6:24  Probe  
  59  6:29  Gateway  
  59  6:30  Gateway  
  59  6:33  Gateway  
  59  6:35  Dark Templar, Probe  
  59  6:38  Zealot x2  
  66  6:41  Probe  
  67  6:52  Gateway  
  67  6:54  Pylon  
  67  7:00  Dark Templar  
  69  7:03  Zealot, Probe x2  
  69  7:05  Pylon  
  73  7:11  Pylon  
  73  7:22  Zealot  
  75  7:23  Probe x3  
  75  7:24  Zealot x2  
  75  7:29  Shield Battery  
  82  7:32  Zealot x2  
  82  7:33  Zealot  
  88  7:48  Dark Templar x4  
  96  7:58  Zealot x3  
  100  8:23  Zealot x4  
  100  8:24  Zealot x3  
  92  8:47  Zealot x7  
  92  8:48  Probe x2  
  94  8:54  Forge x2  
Show
View Real Time Build Order
Export as new Build Order

Seither Terran 

Build Orders: Cyclone Opening 

Get SALT Encoding   

  12  0:00  SCV  
  13  0:12  SCV  
  14  0:17  Supply Depot  
  14  0:24  SCV  
  15  0:38  SCV  
  15  0:41  Barracks  
  16  0:47  Refinery  
  16  0:50  SCV  
  17  1:03  SCV  
  18  1:15  SCV  
  19  1:28  Marine, Orbital Command  
  20  1:49  Factory  
  20  1:55  SCV  
  20  1:58  Marine  
  20  1:59  Supply Depot  
  22  2:06  Bunker  
  22  2:09  SCV  
  23  2:21  Supply Depot, SCV, Marine  
  25  2:32  Refinery  
  25  2:35  Factory Tech Lab  
  25  2:38  Marine  
  25  2:42  SCV  
  27  2:50  Command Center  
  27  2:57  Cyclone  
  29  2:59  SCV  
  29  3:04  Barracks Reactor  
  30  3:13  Starport  
  30  3:15  SCV  
  31  3:21  Supply Depot  
  31  3:30  SCV  
  30  3:42  SCV, Cyclone  
  34  3:53  Marine x2  
  34  3:55  SCV  
  37  3:56  Medivac  
  39  4:03  Supply Depot  
  39  4:14  Orbital Command  
  39  4:17  Marine x2  
  39  4:20  SCV  
  42  4:32  Siege Tank, Orbital Command  
  42  4:33  SCV  
  46  4:42  Starport Tech Lab  
  46  4:44  Marine x2  
  48  4:49  Barracks  
  48  4:55  SCV  
  49  5:04  Marine x2  
  49  5:06  Siege Tank  
  54  5:08  SCV  
  54  5:09  SCV  
  54  5:10  Bunker  
  56  5:17  Engineering Bay  
  56  5:23  SCV x2  
  56  5:26  Marine  
  56  5:27  Marine  
  60  5:31  Barracks  
  60  5:35  SCV x2  
  62  5:42  Siege Tank  
  63  5:46  Marine x2  
  63  5:48  Terran Infantry Weapons Level 1  
  63  5:49  SCV x2  
  66  5:53  Refinery  
  66  5:59  Stimpack  
  66  6:02  Supply Depot  
  66  6:03  SCV x2  
  68  6:09  Marauder  
  70  6:15  SCV  
  70  6:16  SCV  
  69  6:23  Marine x2, Starport Reactor  
  71  6:27  SCV  
  71  6:28  SCV  
  71  6:30  Refinery  
  71  6:32  Supply Depot  
  73  6:34  Marauder x2, Combat Shield  
  73  6:35  Factory Tech Lab  
  73  6:39  SCV  
  78  6:43  Factory Reactor  
  78  6:48  Supply Depot  
  78  6:53  SCV x2, Marine x2  
  82  6:55  Marauder  
  82  6:56  Marauder  
  86  7:01  Supply Depot  
  86  7:09  Medivac x2, SCV  
  86  7:10  SCV  
  86  7:14  Marine  
  86  7:15  Marine  
  94  7:23  Marauder, Widow Mine x2, SCV  
  94  7:24  Supply Depot  
  94  7:25  Supply Depot  
  101  7:31  SCV  
  102  7:38  SCV  
  102  7:40  Marine  
  102  7:46  Widow Mine x2, Medivac x2, Marine  
  102  7:47  Marauder x2  
  102  7:50  Supply Depot x2, SCV x2  
  117  8:04  Marine  
  112  8:08  Marauder x2  
  113  8:25  Marine  
  105  8:30  Marauder x2  
  105  8:33  Missile Turret  
  90  8:42  Marine  
  65  8:51  Marauder x2  

Tags
 
Add a new tag
Caveats
  • Supply blocks, unpowered buildings, or Contaminate may cause inaccurate times.
  • Supply counts are checked every 10 seconds.